 Seeded DCSS version 0.31-a0-496-g6f97920a28 (webtiles) character file.

Game seed: 7415222406553760909 (custom seed)

2461 innerfire43 the Trooper (level 9, -9/68 HPs)
             Began as a Demonspawn Monk on Aug 8, 2023.
             Was a Priest of Uskayaw.
             Mangled by an orc knight
             ... wielding a +0 halberd
              (19 damage)
             ... in a bailey.
             The game lasted 00:17:02 (6632 turns).

innerfire43 the Trooper (Demonspawn Monk)           Turns: 6632, Time: 00:17:02

Health: -9/68      AC: 17    Str: 16    XL:     9   Next: 26%
Magic:  6/12       EV: 14    Int: 12    God:    Uskayaw [***...]
Gold:   322        SH:  0    Dex: 15    Spells: 7/12 levels left

rFire   . . .        f - +4 quarterstaff (chaos)
rCold   . . .        (shield currently unavailable)
rNeg    . . .        J - +0 steam dragon scales
rPois   .            C - +0 helmet
rElec   .            k - +2 cloak
rCorr   .            n - +1 pair of gloves
SInv    .            (no boots)
Will    .....        I - amulet of faith
Stlth   +            j - ring of wizardry
HPRegen 0.31/turn    e - ring of wizardry
MPRegen 0.13/turn

%: faith, wizardry (x2)
@: sanguine armoured
A: claws 1, spiny 2, sanguine armour 1
a: Renounce Religion, Stomp, Line Pass


You were in a bailey.
You worshipped Uskayaw.
Uskayaw was noncommittal.
You visited 1 branch of the dungeon, and saw 7 of its levels.
You also visited: Bailey.

You collected 322 gold pieces.

Inventory:

Hand Weapons
 a - a +0 spear
 f - a +4 quarterstaff of chaos (weapon)
Armour
 b - a +0 robe
 d - an orb of light
 k - a +2 cloak (worn)
 n - a +1 pair of gloves (worn)
 q - a +1 robe of cold resistance
 C - a +0 helmet (worn)
 F - a +1 robe of resistance
 J - +0 steam dragon scales (worn)
Jewellery
 e - a ring of wizardry (right hand)
 g - a ring of positive energy
 j - a ring of wizardry (left hand)
 l - an amulet of magic regeneration
 p - a ring of poison resistance
 I - an amulet of faith (around neck)
 K - a ring of see invisible
Talismans
 i - a flux talisman
 N - a blade talisman
Wands
 c - a wand of flame (9)
 H - a wand of polymorph (15)
 M - a wand of acid (10)
 O - a wand of digging (1)
Scrolls
 h - 5 scrolls of identify
 r - a scroll of poison {unknown}
 s - 5 scrolls of fog {unknown}
 t - 2 scrolls of fear {unknown}
 u - 3 scrolls of noise {unknown}
 y - 3 scrolls of vulnerability {unknown}
 A - 2 scrolls of blinking {unknown}
 D - a scroll of silence {unknown}
 E - a scroll of enchant armour {unknown}
 G - a scroll of immolation {unknown}
 L - a scroll of torment {unknown}
Potions
 m - 2 potions of lignification
 o - a potion of mutation
 v - a potion of enlightenment
 w - a potion of degeneration {unknown}
 x - a potion of brilliance
 z - a potion of might
 B - 2 potions of cancellation {unknown}


   Skills:
 - Level 5.0 Fighting
 - Level 3.0 Polearms
 + Level 5.0 Dodging
 - Level 4.0 Unarmed Combat
 - Level 2.3 Spellcasting
 * Level 4.1 Conjurations
 * Level 4.0 Transmutations
 * Level 4.9 Shapeshifting


You had 7 spell levels left.
You knew the following spells:

 Your Spells              Type           Power      Damage    Failure   Level
a - Wereblood             Tmut           11%        N/A       2%          2
b - Hailstorm             Conj/Ice       6%         3d4       9%          3

Your spell library contained the following spells:

 Spells                   Type           Power      Damage    Failure   Level
 Freeze                   Ice            4%         1d3       7%          1
 Frozen Ramparts          Ice            2%         1d1       21%         3
 Vhi's Electric Charge    Tloc/Air       2%         N/A       21%         3
 Irradiate                Conj/Tmut      5%         3d13      32%         5
 Arcjolt                  Conj/Air       3%         1d13      58%         5
 Plasma Beam              Fire/Air       0%         2x1d10    100%        6


Dungeon Overview and Level Annotations

Branches:
Dungeon (7/15)             Temple (0/1) D:6          Bailey (1/1)

Altars:
Dithmenos
Nemelex Xobeh
Qazlal
Uskayaw
Yredelemnul

Shops:
D:1 ?   D:4 (


Innate Abilities, Weirdness & Mutations

You have sharp fingernails.
You are mostly covered in sharp spines.
When seriously injured, your blood forms armour. (AC +6)


Message History

Casting: Hailstorm (dangerous; 9% risk of failure)
Confirm with . or Enter, or press ? or * to list all spells.
Casting: Hailstorm (dangerous; 9% risk of failure)
Press: ? - help, Dir - look around, f - activate A cannonade of hail descends around you!
The hail pelts the orc knight!
The orc knight is lightly wounded.
Unknown command.
Unknown command.
Casting: Hailstorm (dangerous; 9% risk of failure)
Confirm with . or Enter, or press ? or * to list all spells.
Casting: Hailstorm (dangerous; 9% risk of failure)
Press: ? - help, Dir - look around, f - activate A cannonade of hail descends around you!
The hail pelts the orc knight!
The orc knight is moderately wounded.
The orc knight misses you.
You can now pass through a line of other dancers.
The orc knight hits you with a +0 halberd.
The orc knight is struck by your spines.
The orc knight misses you.
You hit the orc knight.
The orc knight is moderately wounded.
The orc knight closely misses you.
You sock the orc knight!
The orc knight is moderately wounded.
The orc knight is struck by your spines.
The orc knight hits you with a +0 halberd!
You hit the orc knight.
You feel better.
The orc knight is heavily wounded.
The orc knight hits you with a +0 halberd! x2
* * * LOW HITPOINT WARNING * * *
Uskayaw will force your foes to helplessly watch your dance.
Uskayaw prepares the audience for your solo!
The helpless orc knight fails to defend itself.
You thump the orc knight!
The orc knight is heavily wounded.
The orc knight is no longer paralysed.
The orc knight hits you with a +0 halberd!!
You die...

########### ##.........##
##..~~~~~~~..##
##..~~.....~~..##
##########..~~o.###..~~..#####
#.........)~~@.## ##..)~......
#.~~~~~~~~~~).##.∩.##..~~~~~~~
#.~......))..##.....##.).)....
#.~.#############+###'########
#.~.## §.§....o## # #.~..##
§§≈≈≈≈≈..## ## #.~~..##
≈....o≈≈..## ##. ##.~~..#
..⌠∩⌠......# #.. #∩.~~..#+#
...⌠.§)≈§..#+#..


You could see an orc knight.

Vanquished Creatures
  Pikel (D:4)
  Sigmund (D:5)
  A steam dragon (D:6)
  Edmund (D:5)
  5 orc warriors (Bailey)
  An ice beast (D:3)
  A black bear (D:5)
  An ogre (D:6)
  A phantom (D:6)
  A scorpion (D:6)
  A bullfrog (D:3)
  2 jellies (D:4)
  4 hounds
  A sleepcap (D:6)
  An orc priest (D:5)
  Ijyb (D:5)
  Crazy Yiuf (D:5)
  4 iguanas
  An orc wizard (D:5)
  Robin (D:2)
  7 adders
  3 shadow imps
  2 white imps (D:5)
  An ufetubus (D:6)
  2 worms
  5 dart slugs
  20 orcs
  4 bats
  3 endoplasms
  2 giant cockroaches (D:1)
  18 goblins
  7 hobgoblins
  15 jackals
  8 quokkas
  6 ball pythons
  4 frilled lizards
  6 kobolds
  4 rats
148 creatures vanquished.

Notes
Turn   | Place    | Note
-------+----------+-------------------------------------------
     0 | D:1      | innerfire43 the Demonspawn Monk began the quest for the
                  | Orb.
     0 | D:1      | Reached XP level 1. HP: 18/18 MP: 1/1
    78 | D:1      | Gained mutation: You are partially covered in sharp spines.
                  | [demonic ancestry]
    78 | D:1      | Reached XP level 2. HP: 10/24 MP: 2/2
   360 | D:1      | Reached skill level 1 in Transmutations
   360 | D:1      | Reached XP level 3. HP: 28/29 MP: 4/4
   446 | D:1      | Found Onoqawk's Magic Scroll Emporium.
   567 | D:2      | Reached skill level 1 in Spellcasting
   830 | D:2      | Reached skill level 1 in Shapeshifting
   949 | D:2      | Noticed Robin
   966 | D:2      | Reached XP level 4. HP: 30/35 MP: 5/5
   981 | D:2      | Killed Robin
   984 | D:2      | Reached skill level 1 in Unarmed Combat
  1458 | D:3      | Found a hide-covered altar of Uskayaw.
  1458 | D:3      | Noticed a bullfrog
  1463 | D:3      | Noticed an ice beast
  1465 | D:3      | Found a stormy altar of Qazlal.
  1466 | D:3      | Found a basalt altar of Yredelemnul.
  1468 | D:3      | Found a transporter.
  1482 | D:3      | Found a transporter.
  1533 | D:3      | Found a shadowy altar of Dithmenos.
  1598 | D:3      | Found a sparkling altar of Nemelex Xobeh.
  2029 | D:3      | Reached XP level 5. HP: 41/41 MP: 7/7
  2285 | D:4      | Found Zyerchael's Weapon Shop.
  2558 | D:4      | Gained mutation: You are mostly covered in sharp spines.
                  | [demonic ancestry]
  2558 | D:4      | Reached XP level 6. HP: 47/47 MP: 8/8
  2988 | D:4      | Learned a level 2 spell: Wereblood
  2989 | D:5      | Entered Level 5 of the Dungeon
  3047 | D:5      | Noticed Pikel
  3050 | D:5      | Noticed Sigmund
  3052 | D:5      | Noticed Ijyb
  3319 | D:5      | Killed Sigmund
  3320 | D:5      | Reached XP level 7. HP: 37/53 MP: 10/10
  3577 | D:5      | Killed Ijyb
  3632 | D:5      | Noticed Edmund
  3972 | D:4      | Killed Pikel
  3973 | D:4      | Gained mutation: You have sharp fingernails. [demonic
                  | ancestry]
  3973 | D:4      | Reached XP level 8. HP: 23/61 MP: 11/11
  4113 | D:3      | Reached skill level 1 in Conjurations
  4173 | D:3      | Became a worshipper of Uskayaw the Reveller
  4173 | D:3      | Reached * piety under Uskayaw
  4558 | D:5      | Reached ** piety under Uskayaw
  4653 | D:5      | Reached *** piety under Uskayaw
  4692 | D:5      | Killed Edmund
  4698 | D:5      | Learned a level 3 spell: Hailstorm
  4764 | D:5      | Reached **** piety under Uskayaw
  4769 | D:5      | Reached skill level 5 in Fighting
  5009 | D:5      | Found a runed translucent door.
  5010 | D:5      | Noticed Crazy Yiuf
  5018 | D:5      | Killed Crazy Yiuf
  5747 | D:6      | Found a staircase to the Ecumenical Temple.
  6013 | D:6      | Gained mutation: When seriously injured, your blood forms
                  | armour. (AC +6) [demonic ancestry]
  6013 | D:6      | Reached XP level 9. HP: 68/68 MP: 12/12
  6210 | D:7      | Found a flagged portal.
  6246 | Bailey   | Entered a bailey
  6413 | Bailey   | Noticed an orc knight
  6525 | Bailey   | Reached skill level 5 in Dodging
  6632 | Bailey   | Mangled by an orc knight

Illustrated notes

Levels and vault maps discovered:
D:1:      spicycebolla_green_bress_n_ham_2, layout_rooms, serial_shops, shop,
          minmay_misc_feat_hallway
D:2:      layout_basic, uniq_robin
D:3:      minmay_evil_eye, layout_basic,
          mainiacjoe_overflow_concentric_impassable, lemuel_tele_altar,
          gammafunk_temple_overflow_arena, nemelex_altar_shiori,
          kennysheep_generic_room_6
D:4:      layout_gridville, serial_shops, nicolae_shop_bloodbath_and_beyond,
          minmay_statues_item
D:5:      layout_rooms, uniq_ijyb, uniq_crazy_yiuf_cottage, uniq_edmund,
          uniq_sigmund, uniq_pikel
D:6:      wad_pebble_path, layout_basic, minmay_temple_entry_fiery
D:7:      layout_gridville, enter_bailey_2, minmay_alternating_orb,
          uniq_prince_ribbit1
Bailey:   bailey_polearm_1, bailey

Skill      XL: |  1  2  3  4  5  6  7  8  9 |
---------------+----------------------------+-----
Transmutations | 1 2 3 4 |  4.0
Spellcasting   | 1 2 |  2.3
Shapeshifting  | 1 2 3 4 |  4.9
Dodging        | 3 4 5 |  5.0
Unarmed Combat | 1 2 3 4 |  4.0
Polearms       | 3 |  3.0
Fighting       | 4 5 |  5.0
Conjurations   | 3 4 |  4.1

Action                     |  1- 3 |  4- 6 |  7- 9 || total
---------------------------+-------+-------+-------++-------
  Melee: Spear             |   130 |   123 |    89 ||   342
         Unarmed           |       |       |    14 ||    14
         Quarterstaff      |       |       |    84 ||    84
   Cast: Wereblood         |       |       |     6 ||     6
         Hailstorm         |       |       |    13 ||    13
    Use: Scroll            |       |     2 |     7 ||     9
         Potion            |       |     1 |     5 ||     6
   Stab: Paralysed         |       |       |     5 ||     5
 Armour: Robe              |    23 |    35 |    34 ||    92
         Steam dragon scal |       |       |    42 ||    42
  Dodge: Dodged            |    73 |    72 |   162 ||   307

Table legend: (Time is in decaauts)
 A = Elapsed time spent in this place.
 B = Non-inter-level travel time spent in this place.
 C = Inter-level travel time spent in this place.
 D = Time resting spent in this place.
 E = Time spent auto-exploring this place.
 F = Levels seen in this place.
 G = Mean time per level.
                   A        B        C        D        E       F      G
               +--------+--------+--------+--------+--------+-----+--------+
         Total |   6641 |   5669 |    972 |    187 |   4171 |   8 |  830.1 |
       Dungeon |   6233 |   5261 |    972 |    187 |   3919 |   7 |  890.4 |
        Bailey |    408 |    408 |      0 |      0 |    252 |   1 |  408.0 |
               +--------+--------+--------+--------+--------+-----+--------+

Top non-repeatable levels by time:
     D:4: 1520 daAuts
     D:5: 1159 daAuts
     D:6: 1094 daAuts
     D:3: 984 daAuts
     D:2: 916 daAuts
     D:1: 522 daAuts
  Bailey: 408 daAuts
     D:7: 35 daAuts
